 Dungeon Crawl Stone Soup version 0.23.2-11-gf996548c65 (webtiles) character file.

Game seed: 6526031562887584420

236 troglodite the Conjurer (level 5, -4/40 HPs)
             Began as a Draconian Conjurer on June 5, 2019.
             Slain by an ogre
             ... wielding a +0 giant club
              (23 damage)
             ... on level 4 of the Dungeon.
             The game lasted 00:13:02 (4799 turns).

troglodite the Conjurer (Draconian Conjurer)        Turns: 4799, Time: 00:13:03

Health: -4/40      AC:  6    Str: 11    XL:     5   Next: 77%
Magic:  3/8        EV: 13    Int: 15    God:
Gold:   149        SH:  0    Dex: 12    Spells: 2/9 levels left

rFire    . . .     SeeInvis .   m - +2 quarterstaff (chaos)
rCold    . . .     Gourm    .   (shield currently unavailable)
rNeg     . . .     Faith    .   (armour unavailable)
rPois    +         Spirit   .   (helmet restricted)
rElec    .         Reflect  .   p - +0 cloak {rPois}
rCorr    .         Harm     .   (no gloves)
MR       .....                  (no boots)
Stlth    ++........             (no amulet)
HPRegen  0.13/turn              (no ring)
MPRegen  0.11/turn              (no ring)

@: no status effects
A: unfitting armour, cold-blooded, AC +5
a: no special abilities


You were on level 4 of the Dungeon.
You were near starving.

You visited 1 branch of the dungeon, and saw 4 of its levels.

You collected 149 gold pieces.

Inventory:

Hand Weapons
 m - a +2 quarterstaff of chaos (weapon)
Missiles
 o - 69 stones (quivered)
Armour
 p - a +0 cloak of poison resistance (worn)
Wands
 t - a wand of paralysis (4)
Scrolls
 d - 3 scrolls of random uselessness {unknown}
 f - 3 scrolls of remove curse {unknown}
 h - 2 scrolls of immolation {unknown}
 j - a scroll of fear {unknown}
 n - 3 scrolls of enchant armour {unknown}
 q - a scroll of amnesia {unknown}
 r - 2 scrolls of identify
 s - a scroll of teleportation {unknown}
Potions
 a - a potion of ambrosia {unknown}
 c - a potion of flight {unknown}
 e - a potion of lignification
 g - a potion of curing
 i - a potion of haste
 k - a potion of brilliance
 l - a potion of resistance {unknown}
Comestibles
 b - 8 rations


   Skills:
 + Level 1.0 Fighting
   Level 1.5(1.6) Maces & Flails
 + Level 0.6(1.2) Staves
 * Level 3.5 Dodging
 + Level 2.6 Stealth
 * Level 2.6 Spellcasting
 * Level 4.8 Conjurations


You had 2 spell levels left.
You knew the following spells:

 Your Spells              Type           Power        Failure   Level  Hunger
a - Magic Dart            Conj           ###.         2%          1    #......
b - Searing Ray           Conj           ###...       4%          2    ###....
c - Iskenderun's Mystic   Conj           ###.....     28%         4    #####..

Your spell library contained the following spells:

 Spells                   Type           Power        Failure   Level  Hunger
 Dazzling Spray           Conj/Hex       #.....       22%         3    ###....
 Force Lance              Conj/Tloc      #.......     58%         4    #####..
 Fulminant Prism          Conj/Hex       #.........   58%         4    #####..


Dungeon Overview and Level Annotations

Branches:
Dungeon (4/15)
 Temple: D:4-7

Altars:
Vehumet
Yredelemnul


Innate Abilities, Weirdness & Mutations

Your plain brown scales are hard. (AC +5)
You cannot fit into any form of body armour.
You are cold-blooded and may be slowed by cold attacks.


Message History

Press: ? - help, Shift-Dir - straight line, f - ogre
Aim: an ogre, wielding a +0 giant club (resting)
The searing ray hits the ogre.
The ogre is lightly wounded. (Press . to maintain the ray.)
The searing ray hits the ogre.
The ogre is moderately wounded.
The searing ray hits the ogre.
The ogre is heavily wounded.
The searing ray misses the ogre.
You finish channeling your searing ray.
The ogre closely misses you.
You closely miss the ogre. You tail-slap the ogre.
The ogre is heavily wounded.
The ogre hits you with a +0 giant club!!
Ouch! That really hurt!
You hit the ogre.
The ogre is poisoned.
The ogre is severely wounded.
The ogre hits you with a +0 giant club!!
Ouch! That really hurt!
You die...

#....'......'....#..#...
#....#......#....#..#...
#....#......#....'..#...
#....########....#..#...
#.......# ######..##..
#.......# #....#..
#.......# #....#..
#.......###### #....#..
#......@O....# ##...#..
#####+##.....# ##...##+
.....# #....... .....#
#....... .....# #....###
.....# ##...#.. .....#
##...#.. .....# #....#..
#....#..


You could see an ogre.

Vanquished Creatures
  A crimson imp (D:4)
  Crazy Yiuf (D:2)
  An iguana (D:4)
  4 gnolls (D:2)
  2 adders (D:2)
  4 worms
  5 dart slugs
  2 leopard geckos
  An orc (D:3)
  4 giant cockroaches
  7 goblins
  5 hobgoblins
  6 jackals
  2 quokkas (D:3)
  A ball python (D:3)
  4 bats
  5 frilled lizards (D:1)
  5 kobolds
  A leopard gecko skeleton (D:4)
  8 rats
  A spectral orc (D:2)
70 creatures vanquished.

Notes
Turn   | Place    | Note
-------+----------+-------------------------------------------
     0 | D:1      | troglodite the Draconian Conjurer began the quest for the
                  | Orb.
     0 | D:1      | Reached XP level 1. HP: 14/14 MP: 3/3
   370 | D:1      | Reached XP level 2. HP: 20/20 MP: 1/5
  1130 | D:1      | Reached XP level 3. HP: 26/26 MP: 3/6
  1134 | D:1      | Learned a level 2 spell: Searing Ray
  2334 | D:2      | Reached skill level 1 in Maces & Flails
  2334 | D:2      | Reached XP level 4. HP: 27/33 MP: 1/7
  2880 | D:2      | Found a runed translucent door.
  2881 | D:2      | Noticed Crazy Yiuf
  3078 | D:2      | Found a basalt altar of Yredelemnul.
  3204 | D:2      | Killed Crazy Yiuf
  3204 | D:2      | Reached XP level 5. HP: 24/39 MP: 3/8
  3382 | D:2      | Learned a level 4 spell: Iskenderun's Mystic Blast
  3923 | D:3      | Found a radiant altar of Vehumet.
  4596 | D:4      | Reached skill level 1 in Fighting
  4792 | D:4      | Noticed an ogre
  4799 | D:4      | Slain by an ogre

Skill      XL: |  1  2  3  4  5 |
---------------+----------------+-----
Dodging        | 2 3 |  3.5
Stealth        | 2 |  2.6
Maces & Flails | 1 |  1.5
Fighting       | 1 |  1.0
Staves         | |  0.6
Spellcasting   | |  2.6
Conjurations   | |  4.8

Action                   |  1- 3 |  4- 6 || total
-------------------------+-------+-------++-------
Melee: Mace              |    48 |     5 ||    53
       Unarmed           |     2 |       ||     2
       Tailslap          |     5 |     7 ||    12
       Quarterstaff      |       |    41 ||    41
 Cast: Magic Dart        |    33 |    18 ||    51
       Searing Ray       |     6 |     6 ||    12
  Use: Scroll            |       |     4 ||     4
 Stab: Sleeping          |       |     2 ||     2
  Eat: Chunk             |     4 |     1 ||     5
       Ration            |     1 |     1 ||     2
Armor: Skin              |    23 |    17 ||    40
Dodge: Dodged            |    49 |    52 ||   101
